 Dungeon Crawl Stone Soup version 0.18.1-2-ga659475 (webtiles) character file.

535708 dvd the Shatterer (level 26, -19/286 HPs)
             Began as an Ogre Hunter on May 6, 2016.
             Was the Champion of Trog.
             Killed from afar by an ancient lich (82 damage)
             ... with a bolt of cold
             ... on level 5 of the Vaults on May 8, 2016.
             The game lasted 05:31:03 (67479 turns).

dvd the Shatterer (Ogre Hunter)                    Turns: 67479, Time: 05:31:03

Health: -19/286    AC: 25    Str: 22    XL:     26   Next: 37%
Magic:  31/31      EV: 22    Int: 13    God:    Trog [******]
Gold:   7898       SH: 35    Dex: 21    Spells: 0 memorised, 25 levels left

rFire  + + +     SeeInvis .     a - +9 morningstar (crush)
rCold  . . .     Gourm    .     z - +8 fire dragon armour "Iweyg" {*Drain rF++ rC- Regen+ Dex+3}
rNeg   + + +     Faith    .     y - +8 large shield
rPois  +         Spirit   .     Q - +2 hat {Int+3}
rElec  +         Dismiss  .     N - +2 cloak {rPois}
rCorr  .         Reflect  +     (gloves unavailable)
SustAt .         Harm     .     (boots unavailable)
MR     ++...                    D - +3 amulet of reflection
Stlth  +.........               t - ring of Xom's Amusement {rF+ rC+ rN+ MP+9}
                                R - ring of Alotarei {*Corrode rElec rF+ rN+++ Str-2}

@: studying Stealth, very resistant to hostile enchantments, very unstealthy
A: unfitting armour, repulsion field 1, blurry vision 1, low mp 1, tough skin 1
a: Berserk, Trog's Hand, Brothers in Arms, Burn Spellbooks, Renounce Religion
}: 2/15 runes: decaying, gossamer


You were on level 5 of the Vaults.
You worshipped Trog.
Trog was exalted by your worship.
You were not hungry.

You visited 10 branches of the dungeon, and saw 48 of its levels.
You also visited: Sewer, Ossuary, Bailey, Ice Cave and Volcano.

You collected 7898 gold pieces.

Inventory:

Hand Weapons
 a - a +9 morningstar of crushing (weapon)
 b - a +5 broad axe of electrocution
 k - the +8 flail of Trog's Outrage {flame, Int+6 Dex-3}
   (Trog gifted it to you on level 1 of the Crypt)

   It has been specially enchanted to burn those struck by it, causing extra
   injury to most foes and up to half again as much damage against particularly
   susceptible opponents.
   It affects your intelligence (+6).
   It affects your dexterity (-3).
 C - a +3 sacred scourge of holy wrath
 G - the +16 Mace of Variability {chaos}
   (You found it on level 3 of the Elven Halls)

   Each time it hits an enemy it has a different, random effect.
Missiles
 p - 17 poisoned javelins
 s - 4 silver javelins
 M - 5 javelins of penetration
 Y - 106 large rocks (quivered)
Armour
 h - a +1 robe of resistance
 y - a +8 large shield (worn)
 z - the +8 fire dragon armour "Iweyg" (worn) {*Drain rF++ rC- Regen+ Dex+3}
   (You found it in a volcano)

   It affects your dexterity (+3).
   It greatly protects you from fire.
   It makes you vulnerable to cold.
   It increases your rate of regeneration.
   It causes draining when unequipped.
 N - a +2 cloak of poison resistance (worn)
 Q - a +2 hat of intelligence (worn)
 W - a +1 shadow dragon armour
 X - the +1 robe of Anaesthesia {rF- rN+++ rCorr Dex+3}
   (You found it in a bailey)

   It affects your dexterity (+3).
   It makes you vulnerable to fire.
   It renders you almost immune to negative energy.
   It protects you from acid and corrosion.
Jewellery
 m - the ring "Lerrynes" {SustAt rPois rN+}
   (You took it off a kobold on level 8 of the Dungeon)

   [ring of sustain attributes]

   It sustains your strength, intelligence and dexterity.
   It protects you from poison.
   It protects you from negative energy.
 t - the ring of Xom's Amusement (right hand) {rF+ rC+ rN+ MP+9}
   (You took it off a deep elf death mage on level 3 of the Elven Halls)

   [ring of positive energy]

   It protects you from fire.
   It protects you from cold.
   It protects you from negative energy.
   It affects your magic capacity (+9).
 x - the ring of Lesser Demons {MR+ AC+5 SInv}
   (You found it on level 9 of the Dungeon)

   [ring of protection]

   It affects your AC (+5).
   It affects your resistance to hostile enchantments.
   It lets you see invisible.
 D - a +3 amulet of reflection (around neck)
 O - an uncursed amulet of regeneration
 R - the ring of Alotarei (left hand) {*Corrode rElec rF+ rN+++ Str-2}
   (You found it on level 4 of the Vaults)

   [ring of protection from fire]

   It affects your strength (-2).
   It protects you from fire.
   It insulates you from electricity.
   It renders you almost immune to negative energy.
   It may corrode you when you take damage.
Wands
 e - a wand of iceblast (9/15)
 i - a wand of hasting (8/9)
 w - a wand of teleportation (6/9)
 B - a wand of lightning (6/15)
 K - a wand of digging (16/24)
 U - a wand of lightning (6/15)
 V - a wand of disintegration (17/24)
Scrolls
 d - a scroll of summoning
 g - 35 scrolls of remove curse
 j - 4 scrolls of teleportation
 o - 11 scrolls of recharging
 q - 4 scrolls of holy word
 r - 2 scrolls of magic mapping
 u - 16 scrolls of identify
 A - 4 scrolls of blinking
 I - 8 scrolls of fog
 L - 4 scrolls of fear
Potions
 l - 2 potions of haste
 n - 17 potions of curing
 E - 6 potions of heal wounds
 F - 5 potions of invisibility
 J - a potion of beneficial mutation
 S - a potion of agility
 T - 5 potions of flight
 Z - a potion of ambrosia
Books
 H - a manual of Stealth
Comestibles
 c - 39 fruits
 f - 21 bread rations
 v - 3 royal jellies
 P - 25 meat rations


   Skills:
 + Level 20.6 Fighting
 + Level 11.8(15.1) Axes
 + Level 24.1(26.0) Maces & Flails
 * Level 15.5 Throwing
 + Level 9.2 Armour
 + Level 16.3 Dodging
 + Level 4.5 Stealth
 + Level 21.0 Shields
 + Level 2.0 Evocations


You had 25 spell levels left.
You didn't know any spells.

Dungeon Overview and Level Annotations

Branches:
Dungeon (15/15)            Temple (1/1) D:7            Lair (8/8) D:11
  Swamp (4/4) Lair:5       Spider (4/4) Lair:3        Slime (0/6) Lair:7
    Orc (2/2) D:12            Elf (3/3) Orc:2        Vaults (5/5) D:14
  Crypt (3/3) Vaults:3       Tomb (0/3) Crypt:3      Depths (3/5) D:15

Altars:
Ashenzari
Cheibriados
Dithmenos
Elyvilon
Fedhas
Gozag
Kikubaaqudgha
Makhleb
Nemelex Xobeh
Okawaru
Pakellas
Qazlal
Ru
Sif Muna
Trog
Vehumet
Xom
Yredelemnul
Zin
The Shining One
Beogh

Shops:
D:4 *   D:5 ?   D:10 :   Orc:1 ?:   Orc:2 *:%   Elf:3 *   Vaults:3 =%([!
Depths:1 (

Portals:
Hell: Depths:1 Depths:2 Depths:3
Pandemonium: Depths:1 Depths:3
Trove: D:15 (give +2 storm dragon armour)

Annotations:
D:10 epen's ghost, novice DrCK


Innate Abilities, Weirdness & Mutations

You are too large for most types of armour.
You have tough skin (AC +1).
You are surrounded by a mild repulsion field (EV +2).
Scrolls take you a little longer to read.
Your magical capacity is low (-10% MP).


Message History

You hear some strange, mumbled words.
You block the tormentor's attack. x2
Press: ? - help, v - describe, . - travel
Here: a tormentor (summoned)
The floor.
Unknown command.
The tormentor calls on the powers of darkness!
Your body is wracked with pain!
You miss something. You block the tormentor's attack. x2
Something touches you! The green death closely misses you.
Unknown command.
You closely miss something.
The tormentor calls on the powers of darkness!
Your body is wracked with pain!
* * * LOW HITPOINT WARNING * * *
You block the green death's attack.
You hear some strange, mumbled words.
A bolt of cold appears from out of thin air!
The bolt of cold hits you!
You die...

#..#..# #####..#..#..#
.......#..#..#....#
.....#..#..#....#
#####..#..#..#....# ..##
..........#..#....#.((.#
..........#..#....#.....
########.)#.(#$...#....(
.....(.@.....#....#.(...
....((22...)...........
############).(.....####
.......).))..)......
...........<<)......
........)[<[[<......
.........[(<<.......
########..[[((((####
#.......(....


You could see a green death and a tormentor.

Vanquished Creatures
  Mennas (Depths:3)
  Mara (Swamp:3)
  An ancient lich (Crypt:3)
  Frederick (Vaults:2)
  A golden dragon (Vaults:4)
  Arachne (Spider:4)
  A bone dragon (Crypt:3)
  Jorgrun (Vaults:1)
  4 liches
  An Ice Fiend (IceCv)
  Rupert (D:12)
  A tentacled monstrosity (Vaults:4)
  Asterion (Vaults:1)
  5 deep elf blademasters
  4 titans
  3 ancient champions
  A deep elf master archer (Elf:3)
  4 sphinxes
  2 tengu reavers (Vaults:4)
  3 thorn hunters
  3 revenants
  3 daevas (Depths:3)
  Wiglaf (Vaults:1)
  6 fire giants
  2 iron dragons
  15 vault wardens
  An orc warlord (Elf:1)
  A deep elf elementalist (Vaults:4)
  5 emperor scorpions
  8 deep elf sorcerers
  Aizul (Depths:3)
  A cacodemon (Depths:3)
  A ghoul (Crypt:1)
  Louise (Spider:2)
  6 frost giants
  2 curse skulls
  7 ghost moths
  A juggernaut skeleton (Crypt:1)
  3 angels (Depths:3)
  19 ironheart preservers
  19 stone giants
  A reaper (Crypt:2)
  7 war gargoyles
  Nessos (D:12)
  19 very ugly things
  4 salamander stormcallers
  3 deep elf demonologists
  2 vampire knights
  6 deep elf annihilators (Elf:3)
  5 spark wasps
  Snorg (Orc:1)
  3 eidola
  11 deep elf death magi
  3 jiangshi (Crypt:1)
  12 ettins
  The ghost of Ijustatesigmund the Grappler, a journeyman TrHu of Cheibriados (D:11)
  A quicksilver dragon zombie (Crypt:1)
  A deep elf high priest (Elf:3)
  7 great orbs of eyes
  29 vault guards
  5 fire dragons
  9 yaktaur captains
  2 rakshasas
  6 ice dragons
  A great orb of eyes (shapeshifter) (Vaults:4)
  A quicksilver dragon skeleton (Crypt:2)
  22 hydras
  10 entropy weavers
  6 spriggan air magi
  4 death knights
  A ghost crab (Swamp:2)
  A monstrous demonspawn (Depths:3)
  15 ogre magi
  9 centaur warriors
  29 dancing weapons
  16 alligators
  5 deep troll earth magi
  A hell hog (Depths:3)
  6 vampire magi
  7 deep troll shamans
  9 tengu warriors
  Urug (D:12)
  2 titan zombies
  2 spriggan berserkers (Depths:2)
  19 deep elf knights
  2 hell knights
  Sonja (D:14)
  7 orc high priests
  4 soul eaters
  3 fire crabs
  3 iron trolls
  3 titan skeletons
  A storm dragon skeleton (Vaults:3)
  A storm dragon zombie (Crypt:1)
  6 cherubim (Depths:3)
  A golden dragon zombie (Depths:3)
  29 skeletal warriors
  5 unseen horrors
  7 flayed ghosts
  4 giant orange brains
  20 deep trolls
  8 swamp dragons
  4 shambling mangroves
  A spriggan druid (Swamp:4)
  3 golden dragon skeletons
  7 deep elf archers
  8 necromancers
  13 ironbrand convokers
  5 hill giants
  6 phantasmal warriors
  6 harpies
  An iron dragon zombie (Vaults:5)
  31 wolf spiders
  2 orc sorcerers
  24 orc knights
  2 oklob plants (Lair:7)
  3 shadow dragon skeletons
  65 deep elf magi
  An orb spider (shapeshifter) (Vaults:3)
  2 tengu skeletons
  5 griffons
  7 cyclopes
  A moth of wrath (Spider:3)
  A manticore (shapeshifter) (Elf:3)
  2 iron dragon skeletons
  73 ugly things
  4 manticores
  A cyclops (shapeshifter) (Vaults:4)
  A salamander (shapeshifter) (Depths:3)
  A toenail golem (Volcano)
  16 orb spiders
  7 hornets
  13 fire giant skeletons
  An elephant (shapeshifter) (Vaults:4)
  19 elephants
  6 black mambas
  A torpor snail (shapeshifter) (D:15)
  5 human skeletons (Vaults:3)
  2 frost giant skeletons
  A shock serpent zombie (Crypt:2)
  A black mamba (shapeshifter) (Depths:2)
  4 centaur zombies
  22 vault sentinels
  2 orange demons (Depths:3)
  5 torpor snails
  A shock serpent skeleton (Crypt:3)
  6 gargoyles
  A titan simulacrum (Vaults:5)
  29 spiny frogs
  4 rime drakes
  A dire elephant skeleton (Crypt:3)
  A storm dragon simulacrum (Crypt:1)
  10 komodo dragons
  30 yaktaurs
  15 demonic crawlers
  5 kobold demonologists
  6 ice devils (IceCv)
  16 freezing wraiths
  2 human zombies
  6 anaconda simulacra (IceCv)
  3 komodo dragons (shapeshifter)
  A guardian mummy (Crypt:3)
  A hellwing (Depths:2)
  A golden dragon simulacrum (IceCv)
  2 hydra zombies
  A catoblepas skeleton (Crypt:2)
  2 yaktaur skeletons
  A pale draconian skeleton (Crypt:1)
  4 trolls
  3 tengu conjurers
  A queen bee (D:12)
  A polar bear (Lair:6)
  A wolf spider simulacrum (IceCv)
  25 blink frogs
  42 jumping spiders
  A two-headed ogre (shapeshifter) (D:13)
  43 slime creatures
  A guardian serpent zombie (Crypt:1)
  12 giant leeches
  11 boulder beetles
  20 two-headed ogres
  An ushabti (Crypt:3)
  3 hydra skeletons
  An ice dragon zombie (Crypt:1)
  15 bog bodies
  A fire giant simulacrum (Crypt:1)
  3 ettin skeletons
  13 flying skulls
  8 water elementals
  5 spriggans
  5 fire dragon skeletons (Crypt:3)
  An ice dragon skeleton (Crypt:2)
  4 shadows
  19 air elementals
  29 tarantellas
  A vampire (D:10)
  83 redbacks
  2 dire elephant simulacra (IceCv)
  8 wraiths
  2 spriggan skeletons
  3 basilisks
  A yak (shapeshifter) (Depths:1)
  A wyvern (D:10)
  12 hippogriffs
  The ghost of Shenda the Changer, an amateur DrTm (Ossuary)
  4 fire bats (D:14)
  5 fire elementals
  31 vampire mosquitoes
  A golden eye (shapeshifter) (Vaults:5)
  61 yaks
  A catoblepas simulacrum (Crypt:1)
  6 hungry ghosts
  A death yak simulacrum (IceCv)
  A mottled dragon (Vaults:1)
  An infernal demonspawn zombie (Crypt:2)
  A putrid demonspawn zombie (Crypt:1)
  24 swamp worms
  5 wargs
  2 harpy simulacra (IceCv)
  22 insubstantial wisps
  A soldier ant (D:13)
  12 hell hounds
  2 iron troll simulacra (IceCv)
  A spiny frog zombie (Crypt:2)
  2 hydra simulacra (IceCv)
  12 porcupines
  A giant eyeball (Depths:2)
  16 water moccasins
  A hornet simulacrum (Vaults:1)
  2 deep troll skeletons (Vaults:4)
  53 orc warriors
  A sky beast (D:5)
  An infernal demonspawn skeleton (Crypt:1)
  A monstrous demonspawn skeleton (Crypt:1)
  A swamp dragon zombie (Crypt:3)
  An ice dragon simulacrum (Depths:1)
  2 phantoms
  4 black bears
  A black bear (shapeshifter) (Depths:3)
  16 wasps
  3 eyes of draining
  A necrophage (Crypt:1)
  13 swamp drakes
  3 ice beasts
  An ogre (shapeshifter) (Vaults:3)
  49 ogres
  5 centaurs
  16 wolves
  12 boggarts
  A blink frog skeleton (Crypt:1)
  12 crocodiles
  25 giant frogs
  7 big kobolds
  A draconian skeleton (Crypt:1)
  An elf skeleton (Crypt:3)
  2 wyvern zombies
  A water moccasin zombie (Ossuary)
  2 earth elementals
  4 scorpions
  A warg zombie (Crypt:2)
  A scorpion (shapeshifter) (Vaults:1)
  A human simulacrum (Vaults:4)
  18 killer bees (D:12)
  13 electric eels
  20 wights
  A howler monkey (D:14)
  2 lava snakes (D:14)
  9 crimson imps
  2 draconian simulacra (IceCv)
  2 giant frog zombies
  3 giant frog skeletons
  8 hounds
  5 jellies
  A soldier ant zombie (Crypt:1)
  6 centaur skeletons
  34 orc priests
  21 orc wizards
  7 iguanas
  A spriggan simulacrum (IceCv)
  5 worker ants
  5 troll simulacra (IceCv)
  4 wolf simulacra (IceCv)
  4 big kobold zombies
  19 sheep
  A centaur simulacrum (IceCv)
  14 mummies
  12 gnolls
  2 naga simulacra (IceCv)
  86 river rats
  15 adders
  3 shadow imps
  4 white imps (IceCv)
  5 ufetubi (IceCv)
  6 oozes
  An adder skeleton (D:9)
  12 adder zombies (Ossuary)
  3 worms
  4 dart slugs
  2 giant geckos
  103 orcs
  3 ball pythons
  13 bats
  6 giant cockroaches
  18 goblins
  18 hobgoblins
  6 jackals
  3 quokkas
  2 giant gecko skeletons
  5 giant newts
  3 gnoll zombies (Ossuary)
  A goblin zombie (D:5)
  6 hobgoblin zombies
  31 kobolds
  2 kobold zombies (Ossuary)
  An orc skeleton (Crypt:2)
  3 orc zombies (Ossuary)
  A quokka skeleton (D:4)
  6 rats
  2 briar patches (Swamp:4)
  3 fire vortices (D:14)
  14 fungi
  6 lost souls
  31 plants
  47 withered plants (Crypt:3)
2625 creatures vanquished.

Vanquished Creatures (collateral kills)
  A tengu reaver (Vaults:5)
  A stone giant (Vaults:5)
  An ettin (Vaults:5)
  13 vault guards (Vaults:5)
  A dancing weapon (Vaults:5)
17 creatures vanquished.

Vanquished Creatures (others)
  A tentacled monstrosity (Vaults:5)
  2 deep elf master archers (Elf:3)
  A very ugly thing (Depths:1)
  6 stone giants
  2 yaktaur captains
  An ogre mage (Vaults:1)
  4 centaur warriors
  A spriggan berserker (Depths:3)
  A hell hog (Depths:1)
  A deep elf knight (Vaults:4)
  2 spriggans (Swamp:2)
  7 deep elf archers
  A deep elf mage (Vaults:3)
  4 cyclopes
  A vault sentinel (Vaults:1)
  24 yaktaurs
  A freezing wraith (Vaults:2)
  2 giant leeches
  A two-headed ogre (Vaults:3)
  2 insubstantial wisps (Swamp:2)
  A swamp drake (Swamp:2)
  2 wasps (Swamp:2)
  An ogre (Vaults:1)
  A boggart (Vaults:2)
  7 centaurs
  An ufetubus (IceCv)
  2 fire vortices (Vaults:1)
  6 fungi
  2 lost souls (Crypt:3)
  10 plants
  A withered plant (Crypt:3)
99 creatures vanquished.

Grand Total: 2741 creatures vanquished

Notes
Turn   | Place    | Note
--------------------------------------------------------------
     0 | D:1      | dvd the Ogre Hunter began the quest for the Orb.
     0 | D:1      | Reached XP level 1. HP: 22/22 MP: 1/1
   200 | D:1      | Reached XP level 2. HP: 29/29 MP: 2/2
   853 | D:1      | Reached skill level 1 in Maces & Flails
  1124 | D:2      | Reached XP level 3. HP: 37/37 MP: 3/3
  1373 | D:2      | Found a glowing golden altar of the Shining One.
  1512 | D:2      | Reached skill level 1 in Stealth
  1672 | D:2      | You fall through a shaft for 2 floors!
  1724 | D:4      | Noticed a scorpion
  1725 | D:4      | Killed a scorpion
  1725 | D:4      | Reached skill level 2 in Maces & Flails
  1725 | D:4      | Reached XP level 4. HP: 45/45 MP: 4/4
  1743 | D:4      | Reached XP level 5. HP: 22/53 MP: 5/5
  1895 | D:4      | Found a glowing drain.
  1950 | Sewer    | Entered a sewer
  2040 | Sewer    | Noticed a crocodile
  2042 | Sewer    | Killed a crocodile
  2042 | Sewer    | Reached skill level 3 in Maces & Flails
  2174 | D:4      | Noticed an ogre
  2182 | D:4      | Killed an ogre
  2182 | D:4      | Reached XP level 6. HP: 31/62 MP: 6/6
  2184 | D:4      | Found Lesaykh's General Store.
  2657 | D:3      | Reached skill level 4 in Maces & Flails
  2883 | D:3      | Found a burning altar of Makhleb.
  4344 | D:3      | Reached XP level 7. HP: 65/68 MP: 7/7
  4365 | D:4      | Reached skill level 5 in Throwing
  4492 | D:4      | Reached skill level 5 in Maces & Flails
  4496 | D:4      | HP: 5/105 [orc/flail (11)]
  5227 | D:4      | Found a snail-covered altar of Cheibriados.
  5559 | D:4      | Found a burning altar of Makhleb.
  5559 | D:4      | Noticed a cacodemon
  5562 | D:4      | Noticed a smoke demon
  5562 | D:4      | Noticed an orange demon
  5860 | D:2      | Found a shimmering altar of Xom.
  6446 | D:5      | Entered Level 5 of the Dungeon
  6473 | D:5      | Found Luaphu's Magic Scroll Shoppe.
  6732 | D:5      | Reached skill level 6 in Maces & Flails
  6794 | D:5      | Reached XP level 8. HP: 60/79 MP: 8/8
  6796 | D:5      | Reached skill level 5 in Dodging
  6835 | D:5      | Found a sand-covered staircase.
  6882 | Ossuary  | Entered an ossuary
  6987 | Ossuary  | Noticed Shenda's ghost (amateur DrTm)
  7011 | Ossuary  | Killed Shenda's ghost
  7029 | Ossuary  | Reached skill level 1 in Shields
  7098 | Ossuary  | Reached skill level 1 in Axes
  7106 | Ossuary  | Reached skill level 5 in Fighting
  7345 | D:5      | Reached skill level 7 in Maces & Flails
  7606 | D:6      | Reached XP level 9. HP: 69/88 MP: 9/9
  8548 | D:6      | Reached skill level 8 in Maces & Flails
  8980 | D:7      | Gained mutation: You have an increased reservoir of magic (+10% MP). [potion of mutation]
  8980 | D:7      | Gained mutation: Your spells are a little harder to cast, but a little more powerful. [potion of mutation]
  8980 | D:7      | Lost mutation: You have an increased reservoir of magic (+10% MP). [potion of mutation]
  8991 | D:7      | Lost mutation: Your spells are a little harder to cast, but a little more powerful. [potion of cure mutation]
  9038 | D:7      | Found a staircase to the Ecumenical Temple.
  9053 | Temple   | Entered the Ecumenical Temple
  9109 | Temple   | Became a worshipper of Trog the Wrathful
  9360 | D:7      | Identified First Steps in Rites and Rhymes
  9806 | D:8      | Got a sparkling lead ring
 10174 | D:8      | Noticed a hill giant
 10268 | D:8      | Identified the ring "Lerrynes" {SustAt rPois rN+} (You took it off a kobold on level 8 of the Dungeon)
 10418 | D:8      | Reached skill level 9 in Maces & Flails
 10639 | D:8      | Killed a hill giant
 10639 | D:8      | Reached XP level 10. HP: 98/98 MP: 10/10
 11106 | D:9      | Found an oddly glowing altar of Pakellas.
 11220 | D:9      | Reached skill level 10 in Maces & Flails
 11254 | D:9      | Reached * piety under Trog
 11820 | D:9      | Reached skill level 5 in Shields
 11972 | D:9      | Got a scorched copper ring
 11993 | D:9      | Identified the ring of Lesser Demons {MR+ AC+5 SInv} (You found it on level 9 of the Dungeon)
 12187 | D:10     | Entered Level 10 of the Dungeon
 12275 | D:10     | Found Weathral's Book Boutique.
 12329 | D:10     | Noticed epen's ghost (novice DrCK)
 12714 | D:11     | Noticed a hill giant
 12730 | D:11     | Killed a hill giant
 12812 | D:11     | Noticed a hill giant
 12827 | D:11     | Killed a hill giant
 12827 | D:11     | Reached skill level 11 in Maces & Flails
 12827 | D:11     | Reached XP level 11. HP: 110/110 MP: 11/11
 13644 | D:10     | Reached ** piety under Trog
 13967 | D:11     | Found a staircase to the Lair.
 13969 | D:11     | Noticed a red ugly thing
 13983 | D:11     | Killed a red ugly thing
 14064 | D:11     | Noticed Ijustatesigmund's ghost (journeyman TrHu)
 14985 | D:11     | Killed Ijustatesigmund's ghost
 15254 | D:11     | Noticed a five-headed hydra
 15264 | D:11     | Killed a five-headed hydra
 15462 | D:11     | Reached skill level 12 in Maces & Flails
 15787 | Lair:1   | Entered Level 1 of the Lair of Beasts
 15971 | Lair:1   | You fall through a shaft!
 16071 | Lair:2   | Reached skill level 1 in Evocations
 16071 | Lair:2   | Reached XP level 12. HP: 120/120 MP: 12/12
 16094 | Lair:2   | Reached *** piety under Trog
 16705 | Lair:2   | Noticed a seven-headed hydra
 16723 | Lair:2   | Killed a seven-headed hydra
 17813 | Lair:3   | Reached skill level 13 in Maces & Flails
 17907 | Lair:3   | Found a hole to the Spider Nest.
 17978 | Lair:3   | Received a gift from Trog
 17981 | Lair:3   | Reached **** piety under Trog
 18040 | Lair:3   | Reached skill level 10 in Dodging
 18461 | Lair:3   | Noticed an eight-headed hydra
 18472 | Lair:3   | Killed an eight-headed hydra
 18777 | Lair:3   | Reached XP level 13. HP: 121/131 MP: 13/13
 19329 | Lair:4   | Received a gift from Trog
 20181 | Lair:4   | Found a glowing silver altar of Zin.
 20581 | Lair:5   | Reached ***** piety under Trog
 20717 | Lair:5   | Found a dark tunnel.
 20728 | Volcano  | Entered a volcano
 20928 | Volcano  | Got an ancient fire dragon armour
 20939 | Volcano  | Identified the +8 fire dragon armour "Iweyg" {*Drain rF++ rC- Regen+ Dex+3} (You found it in a volcano)
 21147 | Volcano  | Reached skill level 14 in Maces & Flails
 21385 | Lair:5   | Identified a +5 rod of clouds (9/9) (You found it on level 5 of the Lair of Beasts)
 21460 | Lair:5   | Received a gift from Trog
 21766 | Lair:5   | Found a staircase to the Swamp.
 22090 | Lair:6   | Reached skill level 5 in Axes
 22144 | Lair:6   | Received a gift from Trog
 22144 | Lair:6   | Reached skill level 10 in Fighting
 22829 | Lair:6   | Reached skill level 1 in Armour
 22943 | Lair:7   | Reached XP level 14. HP: 143/143 MP: 14/14
 22960 | Lair:7   | Reached skill level 10 in Shields
 23163 | Lair:7   | Found a staircase to the Slime Pits.
 23283 | Lair:7   | You fall through a shaft!
 23283 | Lair:8   | Entered Level 8 of the Lair of Beasts
 23429 | Lair:8   | Received a gift from Trog
 24073 | Lair:8   | Received a gift from Trog
 24352 | Lair:8   | Reached skill level 15 in Maces & Flails
 24622 | Lair:8   | Received a gift from Trog
 25060 | Lair:8   | Got a crystal scythe
 25075 | Lair:8   | Identified the +4 scythe of Tenacity {speed, Fragile rN+ MP+9 Dex+4} (You found it on level 8 of the Lair of Beasts)
 25417 | D:12     | Reached ****** piety under Trog
 25529 | D:12     | Noticed Rupert
 25586 | D:12     | Paralysed by Rupert for 6 turns
 25817 | D:12     | Found a staircase to the Orcish Mines.
 25829 | D:12     | Killed Rupert
 25829 | D:12     | Reached XP level 15. HP: 152/152 MP: 15/15
 25939 | D:12     | Found a shimmering altar of Xom.
 26070 | D:12     | Noticed Nessos
 26072 | D:12     | Killed Nessos
 26445 | D:12     | Received a gift from Trog
 26463 | D:12     | Noticed Urug
 26484 | D:12     | Killed Urug
 27259 | D:13     | Received a gift from Trog
 27473 | Orc:1    | Entered Level 1 of the Orcish Mines
 27613 | Orc:1    | Found Conikoch's Book Shop.
 27617 | Orc:1    | Found Keutys's Magic Scroll Emporium.
 27748 | Orc:2    | Entered Level 2 of the Orcish Mines
 28109 | Orc:2    | Found a staircase to the Elven Halls.
 28325 | Orc:2    | Received a gift from Trog
 28609 | Orc:2    | Reached skill level 16 in Maces & Flails
 28851 | Orc:2    | Found Nuixtuff's Food Boutique.
 28854 | Orc:2    | Found Lukoxt's Book Shop.
 28855 | Orc:2    | Found Eqaaczes's Food Boutique.
 28856 | Orc:2    | Found Plog's General Store.
 29077 | Orc:1    | Noticed Snorg
 29082 | Orc:1    | Killed Snorg
 29667 | Swamp:1  | Entered Level 1 of the Swamp
 29793 | Swamp:1  | Received a gift from Trog
 30605 | Swamp:2  | Noticed a thorn hunter
 30614 | Swamp:2  | Killed a thorn hunter
 30627 | Swamp:2  | Received a gift from Trog
 30830 | Swamp:2  | Reached skill level 17 in Maces & Flails
 30992 | Swamp:2  | Reached XP level 16. HP: 52/163 MP: 16/16
 31588 | Swamp:3  | Received a gift from Trog
 32071 | Swamp:3  | Noticed Mara
 32092 | Swamp:3  | Noticed dvd's illusion
 32404 | Spider:1 | Entered Level 1 of the Spider Nest
 32432 | Spider:1 | Received a gift from Trog
 33311 | Spider:2 | HP: 7/165 [wolf spider (16)]
 33315 | Spider:2 | Reached skill level 18 in Maces & Flails
 33593 | Spider:2 | Received a gift from Trog
 33683 | Spider:2 | Noticed Louise
 33715 | Spider:2 | Killed Louise
 34384 | Spider:3 | Reached XP level 17. HP: 174/174 MP: 17/17
 35334 | Spider:3 | Received a gift from Trog
 35338 | Spider:3 | Reached skill level 10 in Throwing
 35675 | Spider:4 | Entered Level 4 of the Spider Nest
 36360 | Spider:4 | Noticed Arachne
 36361 | Spider:4 | Received a gift from Trog
 36428 | Spider:4 | Killed Arachne
 36664 | Spider:4 | Got a gossamer rune of Zot
 36752 | Spider:4 | Received a gift from Trog
 36915 | Spider:4 | Reached skill level 19 in Maces & Flails
 36915 | Spider:4 | Reached skill level 5 in Armour
 37650 | Spider:2 | Reached XP level 18. HP: 185/185 MP: 19/19
 37891 | D:14     | Noticed Sonja
 37897 | D:14     | Killed Sonja
 38147 | D:14     | Found a gate to the Vaults.
 38207 | D:14     | Reached skill level 15 in Shields
 38300 | D:14     | Found a flagged portal.
 38310 | D:14     | Received a gift from Trog
 38324 | Bailey   | Entered a bailey
 38366 | Bailey   | Found an iron altar of Okawaru.
 38586 | Bailey   | Got a thick robe
 38587 | Bailey   | Identified the +1 robe of Anaesthesia {rF- rN+++ rCorr Dex+3} (You found it in a bailey)
 38751 | Bailey   | Got a shadowed robe
 38752 | Bailey   | Identified the +0 robe of Indemnity {rElec Str+3} (You acquired it in a bailey)
 38995 | D:14     | Received a gift from Trog
 39418 | D:15     | Entered Level 15 of the Dungeon
 39662 | D:15     | Received a gift from Trog
 40042 | D:15     | Found a portal to a secret trove of treasure.
 40149 | D:15     | Found a staircase to the Depths.
 40498 | Elf:1    | Entered Level 1 of the Elven Halls
 40594 | Elf:1    | Found a frozen archway.
 40652 | IceCv    | Entered an ice cave
 41180 | IceCv    | Noticed an Ice Fiend
 41230 | IceCv    | Killed an Ice Fiend
 41425 | IceCv    | Got a brightly glowing bone ring
 41435 | IceCv    | Identified the ring "Yliy" {rF- EV+1 Str+4 Int+5} (You found it in an ice cave)
 42260 | Elf:1    | Received a gift from Trog
 42260 | Elf:1    | Reached skill level 20 in Maces & Flails
 42260 | Elf:1    | Reached XP level 19. HP: 134/197 MP: 20/20
 42819 | Elf:1    | Found a roughly hewn altar of Beogh.
 43450 | Elf:2    | Received a gift from Trog
 43667 | Elf:2    | Found a runed gate.
 43667 | Elf:2    | Found a runed gate.
 43667 | Elf:2    | Found a runed gate.
 43824 | Elf:2    | Gained mutation: Your magical capacity is low (-10% MP). [a neqoxec]
 43863 | Elf:2    | Received a gift from Trog
 44663 | Elf:3    | Entered Level 3 of the Elven Halls
 45061 | Elf:3    | Received a gift from Trog
 45081 | Elf:3    | Found Unues's Assorted Antiques.
 45498 | Elf:3    | Found an ancient bone altar of Kikubaaqudgha.
 45935 | Elf:3    | Reached skill level 21 in Maces & Flails
 45984 | Elf:3    | Reached XP level 20. HP: 189/209 MP: 19/19
 46070 | Elf:3    | Reached skill level 15 in Fighting
 46375 | Elf:3    | Received a gift from Trog
 46722 | Elf:3    | Got a scintillating wooden ring
 46749 | Elf:3    | Identified the ring of Xom's Amusement {rF+ rC+ rN+ MP+9} (You took it off a deep elf death mage on level 3 of the Elven Halls)
 46768 | Elf:3    | Got a smoking dagger {flame}
 46769 | Elf:3    | Identified the +6 dagger of the Traitor {flame, *Corrode Str+4 Dex+6} (You took it off a deep elf death mage on level 3 of the Elven Halls)
 46803 | Elf:3    | Got a steaming great mace {crush}
 46946 | Elf:3    | Identified the +3 great mace of Quarrel {crush, rPois Dex+4} (You took it off a deep elf mage on level 3 of the Elven Halls)
 47216 | Vaults:1 | Entered Level 1 of the Vaults
 47250 | Vaults:1 | Noticed Jorgrun
 47268 | Vaults:1 | Killed Jorgrun
 47751 | Vaults:1 | Received a gift from Trog
 47839 | Vaults:1 | Received a gift from Trog
 48317 | Vaults:1 | Noticed Wiglaf
 48367 | Vaults:1 | Killed Wiglaf
 48524 | Vaults:1 | Gained mutation: You are surrounded by a mild repulsion field (EV +2). [potion of beneficial mutation]
 48655 | Vaults:1 | Noticed Asterion
 48670 | Vaults:1 | Killed Asterion
 48809 | Vaults:1 | Reached XP level 21. HP: 222/222 MP: 19/19
 48836 | Vaults:1 | Received a gift from Trog
 50026 | Vaults:2 | Received a gift from Trog
 50758 | Vaults:2 | Reached skill level 22 in Maces & Flails
 50969 | Vaults:2 | Noticed Frederick
 50979 | Vaults:2 | Killed Frederick
 51179 | Vaults:3 | Noticed a Tzitzimitl
 51794 | Vaults:3 | Received a gift from Trog
 51847 | Vaults:3 | Received a gift from Trog
 51918 | Vaults:3 | Found Zetye's Armour Emporium.
 51925 | Vaults:3 | Found Ohaaguadgh's Antique Weapon Shoppe.
 52016 | Vaults:3 | Found Ymuar's Distillery.
 52137 | Vaults:3 | Reached XP level 22. HP: 41/235 MP: 20/20
 52524 | Vaults:3 | Found Mauveb's Food Shoppe.
 53168 | Vaults:3 | Found a staircase to the Crypt.
 53260 | Vaults:3 | Found Qeqick's Jewellery Boutique.
 53910 | Swamp:3  | Received a gift from Trog
 53924 | Swamp:3  | Noticed dvd's illusion
 53946 | Swamp:3  | Killed Mara
 54109 | Swamp:4  | Entered Level 4 of the Swamp
 54960 | Swamp:4  | Reached skill level 15 in Dodging
 54964 | Swamp:4  | Received a gift from Trog
 55077 | Swamp:4  | Got a decaying rune of Zot
 55528 | Depths:1 | Entered Level 1 of the Depths
 55536 | Depths:1 | Received a gift from Trog
 55707 | Depths:1 | Found Zokhle Ehusa's Antique Weapon Shop.
 55818 | Depths:1 | Received a gift from Trog
 55882 | Depths:1 | Received a gift from Trog
 56031 | Depths:1 | Found a one-way gate leading to the halls of Pandemonium.
 56223 | Depths:1 | Reached XP level 23. HP: 238/247 MP: 21/21
 56400 | Depths:1 | Found a gateway to Hell.
 56618 | Depths:1 | Received a gift from Trog
 56845 | Depths:2 | Reached skill level 10 in Axes
 57543 | Depths:2 | Reached skill level 23 in Maces & Flails
 57669 | Depths:2 | Received a gift from Trog
 58205 | Depths:2 | Received a gift from Trog
 58724 | Depths:3 | Noticed Aizul
 58737 | Depths:3 | Gained mutation: Scrolls take you a little longer to read. [a cacodemon]
 58745 | Depths:3 | Killed Aizul
 58914 | Depths:3 | Received a gift from Trog
 59195 | Depths:3 | Reached XP level 24. HP: 161/260 MP: 22/22
 59221 | Depths:3 | Noticed Mennas
 59222 | Depths:3 | Found a glowing silver altar of Zin.
 59809 | Depths:3 | Killed Mennas
 60136 | Depths:3 | Received a gift from Trog
 60352 | Depths:2 | Received a gift from Trog
 60914 | Vaults:4 | Received a gift from Trog
 61677 | Vaults:4 | Received a gift from Trog
 61736 | Vaults:4 | Received a gift from Trog
 61825 | Vaults:4 | Reached XP level 25. HP: 270/270 MP: 22/22
 61944 | Vaults:4 | Got a vibrating golden ring
 61971 | Vaults:4 | Got a crude jade ring
 61973 | Vaults:4 | Identified the ring of Alotarei {*Corrode rElec rF+ rN+++ Str-2} (You found it on level 4 of the Vaults)
 61975 | Vaults:4 | Identified the cursed ring "Biveunob" {Fragile +Blink MP+9 Str+2 Dex-3} (You found it on level 4 of the Vaults)
 62315 | Vaults:4 | Upgraded the game from 0.18.1-1-g2f07953 to 0.18.1-2-ga659475
 62424 | Crypt:1  | Entered Level 1 of the Crypt
 62482 | Crypt:1  | Received a gift from Trog
 62494 | Crypt:1  | Got a dazzling flail {god gift}
 62495 | Crypt:1  | Identified the +8 flail of Trog's Outrage {flame, Int+6 Dex-3} (Trog gifted it to you on level 1 of the Crypt)
 62695 | Crypt:1  | Found an ancient bone altar of Kikubaaqudgha.
 64269 | Crypt:3  | Entered Level 3 of the Crypt
 64768 | Crypt:3  | Found a staircase to the Tomb.
 65338 | Crypt:3  | Identified a +3 rod of clouds (9/9) (You found it on level 3 of the Crypt)
 65826 | Crypt:3  | Reached skill level 15 in Throwing
 65976 | Crypt:3  | Found an ancient bone altar of Kikubaaqudgha.
 66047 | Crypt:3  | Noticed an ancient lich
 66061 | Crypt:3  | Killed an ancient lich
 66061 | Crypt:3  | Reached skill level 24 in Maces & Flails
 66700 | Vaults:5 | Entered Level 5 of the Vaults
 66712 | Vaults:5 | Reached XP level 26. HP: 225/284 MP: 22/22
 66716 | Vaults:5 | Received a gift from Trog
 67435 | Vaults:5 | Received a gift from Trog
 67468 | Vaults:5 | Noticed an ancient lich
 67479 | Vaults:5 | Killed from afar by an ancient lich

Skill      XL: |  1  2  3  4  5  6  7  8  9 10 11 12 13 14 15 16 17 18 19 20 21 22 23 24 25 26 |
---------------+-------------------------------------------------------------------------------+-----
Fighting       | 3 4 5 6 7 8 9 10 11 12 13 14 16 17 18 19 20 | 20.6
Dodging        | 2 3 4 5 6 7 9 10 11 12 13 14 15 16 | 16.3
Maces & Flails | 1 2 3 4 6 7 9 11 12 13 14 15 17 18 19 20 21 22 23 24 | 24.1
Stealth        | 1 2 3 4 |  4.5
Throwing       | 5 6 7 8 9 10 11 12 14 15 | 15.5
Shields        | 2 4 5 7 8 9 11 12 13 14 15 16 17 18 19 20 21 | 21.0
Axes           | 1 2 3 4 5 6 7 9 10 11 | 11.8
Evocations     | 1 2 |  2.0
Armour         | 1 2 3 4 5 6 7 8 9 |  9.2

Action                   |  1- 3 |  4- 6 |  7- 9 | 10-12 | 13-15 | 16-18 | 19-21 | 22-24 | 25-27 || total
-------------------------+-------+-------+-------+-------+-------+-------+-------+-------+-------++-------
Melee: Short sword       |     6 |       |       |       |       |       |       |       |       ||     6
       Whip              |    29 |       |       |       |       |       |       |       |       ||    29
       Mace              |    38 |   792 |   133 |       |       |       |       |       |       ||   963
       War axe           |       |       |   254 |   253 |   742 |    10 |       |       |       ||  1259
       Morningstar       |       |       |    46 |       |   509 |  1357 |  1058 |  1153 |   493 ||  4616
       Flail             |       |       |    17 |   315 |       |       |       |       |       ||   332
       Eveningstar       |       |       |       |       |    15 |       |       |       |       ||    15
       Broad axe         |       |       |       |       |   119 |   337 |   406 |   768 |   338 ||  1968
       Sacred scourge    |       |       |       |       |       |       |       |       |    70 ||    70
Throw: Large rock        |    35 |    16 |    42 |    70 |   217 |   312 |   287 |   382 |   242 ||  1603
       Throwing net      |     3 |     3 |     1 |       |       |       |       |       |       ||     7
       Stone             |     2 |    16 |    53 |    43 |       |       |       |       |       ||   114
       Tomahawk          |       |       |    41 |     1 |    45 |       |       |       |       ||    87
       Javelin           |       |       |       |    23 |   100 |     5 |     1 |       |       ||   129
Invok: Burn Spellbooks   |       |       |     1 |     1 |     5 |     6 |     4 |     3 |     4 ||    24
       Berserk           |       |       |       |    11 |     3 |       |     3 |     1 |     1 ||    19
       Brothers in Arms  |       |       |       |       |     1 |       |       |       |       ||     1
       Trog's Hand       |       |       |       |       |     3 |     7 |     4 |     5 |       ||    19
Evoke: Wand              |       |       |       |    16 |    18 |    10 |     2 |     7 |       ||    53
  Use: Scroll            |       |    11 |     4 |    15 |    14 |    20 |    10 |     8 |     8 ||    90
       Potion            |       |       |    14 |     8 |     7 |    14 |     4 |     5 |       ||    52
 Stab: Sleeping          |     1 |       |     1 |     3 |       |       |       |       |       ||     5
       Invisible         |       |       |       |       |     1 |       |       |       |       ||     1
       Distracted        |       |       |       |       |       |       |       |       |     3 ||     3
  Eat: Chunk             |     3 |     5 |    16 |    30 |    41 |    26 |    26 |    27 |    11 ||   185
       Meat ration       |       |     1 |     1 |       |       |     1 |       |       |       ||     3
       Royal jelly       |       |     1 |       |       |     1 |     1 |     2 |     4 |     3 ||    12
       Beef jerky        |       |       |     1 |     1 |     2 |     6 |     1 |     1 |     3 ||    15
       Bread ration      |       |       |       |     1 |       |       |       |       |       ||     1
       Pizza             |       |       |       |     1 |       |       |     1 |     1 |       ||     3
       Fruit             |       |       |       |       |       |       |     4 |       |       ||     4
Armor: Robe              |    28 |    55 |    99 |    90 |    47 |       |       |       |       ||   319
       Fire dragon armou |       |       |       |       |   315 |   638 |   261 |   377 |   121 ||  1712
Dodge: Dodged            |    74 |   103 |   126 |   154 |   449 |   650 |   345 |   687 |   207 ||  2795
Block: Other             |     1 |    13 |    14 |       |     1 |       |       |       |       ||    29
       Large shield      |       |       |   249 |   574 |  1849 |  2546 |  1657 |  2631 |   865 || 10371
       Reflection        |       |       |     8 |    28 |    16 |    37 |   160 |   202 |    20 ||   471
